 Dungeon Crawl Stone Soup version 0.26-a0-415-g2a9615731a (webtiles) character file.

Game seed: 3774437495727838751

218 KristoblXynda the Slasher (level 5, 0/46 HPs)
             Began as a Draconian Warper on July 25, 2020.
             Succumbed to a worker ant's poison
             ... on level 4 of the Dungeon.
             The game lasted 00:03:30 (2893 turns).

KristoblXynda the Slasher (Draconian Warper)        Turns: 2893, Time: 00:03:31

Health: 0/46       AC:  7    Str: 13    XL:     5   Next: 63%
Magic:  17/17      EV: 13    Int: 14    God:
Gold:   141        SH:  0    Dex: 11    Spells: 8/8 levels left

rFire    . . .     SeeInvis .   a - +1 falchion
rCold    + . .     Faith    .   (no shield)
rNeg     . . .     Spirit   .   (armour unavailable)
rPois    .         Reflect  .   (helmet restricted)
rElec    .         Harm     .   e - +1 cloak
rCorr    .                      (no gloves)
MR       .....                  (no boots)
Stlth    +.........             (no amulet)
HPRegen  0.15/turn              l - ring of protection from cold
MPRegen  0.15/turn              p - ring of magical power

@: brilliant, lethally poisoned (0 -> -7)
A: unfitting armour, cold-blooded, AC +5
a: no special abilities


You were on level 4 of the Dungeon.
You visited 1 branch of the dungeon, and saw 5 of its levels.

You collected 141 gold pieces.

Inventory:

Hand Weapons
 a - a +1 falchion (weapon)
Missiles
 d - 4 boomerangs of dispersal (quivered)
Armour
 e - a +1 cloak (worn)
Jewellery
 l - a ring of protection from cold (left hand)
 p - a ring of magical power (right hand)
Scrolls
 b - a scroll of enchant weapon
 c - a scroll of blinking
 f - 2 scrolls of teleportation
 h - 4 scrolls of remove curse {unknown}
 m - 2 scrolls of fog {unknown}
Potions
 j - a potion of stabbing {unknown}
 k - a potion of flight
 n - a potion of haste {unknown}
 o - a potion of invisibility


   Skills:
 + Level 3.7 Fighting
 * Level 4.3 Long Blades
 - Level 1.0 Throwing
 + Level 3.3 Dodging
 - Level 2.0 Spellcasting
   Level 3.0 Translocations


You had 8 spell levels left.
You didn't know any spells.
Your spell library contained the following spells:

 Spells                   Type           Power        Failure   Level
 Blink                    Tloc           N/A          11%         2
 Gell's Gravitas          Tloc           ##........   21%         3
 Lesser Beckoning         Tloc           ##........   21%         3
 Teleport Other           Tloc           ##......     21%         3
 Passage of Golubria      Tloc           N/A          56%         4


Dungeon Overview and Level Annotations

Branches:
Dungeon (5/15)
 Temple: D:4-7

Altars:
Kikubaaqudgha
Nemelex Xobeh


Innate Abilities, Weirdness & Mutations

Your plain brown scales are hard. (AC +5)
You cannot fit into any form of body armour.
You are cold-blooded and may be slowed by cold attacks.


Message History

Unknown command.
You hit the worker ant but do no damage.
The worker ant is moderately wounded.
The worker ant bites you.
* * * LOW HITPOINT WARNING * * *
You hit the worker ant.
Your tail-slap misses the worker ant.
The worker ant is heavily wounded.
The worker ant bites you but does no damage.
The worker ant bites you.
* * * LOW HITPOINT WARNING * * *
You are lethally poisoned!
The worker ant poisons you!
Unknown command.
Throwing (i - inventory)
d - 5 boomerangs of dispersal (quivered)
Press: ? - help, Shift-Dir - straight line, f - worker ant
Aim: a worker ant (heavily wounded)
You throw a boomerang of dispersal.
The boomerang of dispersal hits the worker ant.
The worker ant blinks!
You die...

...#..#.... ...# #...
#........ ...##...#
#........
?.#....###.....#..
#....<.........#..
#...#....#........
#.......####.....
##.........###.... #
#@........####...#
...##.##ยง##............#
.........##......#....##
.........##(....##....##
.....a...####.###......#
.#.......# ### ##....##
#....#### #...## .....#
##### #....


There were no monsters in sight!

Vanquished Creatures
  A scorpion (D:4)
  A worker ant (D:2)
  Robin (D:2)
  5 adders
  An ooze (D:2)
  2 worms (D:2)
  2 dart slugs (D:2)
  4 leopard geckos
  2 orcs
  5 bats
  5 giant cockroaches
  10 goblins
  10 hobgoblins
  4 jackals (D:2)
  7 kobolds
  2 quokkas
  2 ball pythons (D:1)
  2 frilled lizards
  6 rats
72 creatures vanquished.

Notes
Turn   | Place    | Note
-------+----------+-------------------------------------------
     0 | D:1      | KristoblXynda the Draconian Warper began the quest for the
                  | Orb.
     0 | D:1      | Reached XP level 1. HP: 17/17 MP: 3/3
    62 | D:1      | Reached skill level 1 in Throwing
    79 | D:1      | Reached XP level 2. HP: 9/25 MP: 5/5
   554 | D:1      | Reached XP level 3. HP: 30/30 MP: 6/6
   902 | D:2      | Reached skill level 3 in Long Blades
  1244 | D:2      | Reached XP level 4. HP: 38/38 MP: 7/7
  1370 | D:2      | Identified the +2 helmet of Disappointment {*Drain Str+2
                  | Dex+4}
  1370 | D:2      | Noticed Robin
  1409 | D:2      | Killed Robin
  1946 | D:2      | Reached XP level 5. HP: 45/45 MP: 8/8
  2183 | D:2      | Found a sparkling altar of Nemelex Xobeh.
  2183 | D:2      | Found an ancient bone altar of Kikubaaqudgha.
  2521 | D:3      | You fall into a shaft and drop 2 floors!
  2521 | D:5      | Entered Level 5 of the Dungeon
  2575 | D:4      | Reached skill level 4 in Long Blades
  2892 | D:4      | HP: 1/46 [worker ant (4)]
  2893 | D:4      | Succumbed to a worker ant's poison

Illustrated notes

Levels and vault maps discovered:
D:1:      dpeg_arrival_castle, layout_rooms
D:2:      layout_basic, gammafunk_temple_overflow_pools, uniq_robin
D:3:      layout_loops_ring
D:4:      layout_cave_pools, minmay_temple_entry_slanted
D:5:      layout_loops_ring, basic_altar, minmay_liquid_box

Skill      XL: |  1  2  3  4  5 |
---------------+----------------+-----
Throwing       | 1 |  1.0
Long Blades    | 3 4 |  4.3
Fighting       | 3 |  3.7
Dodging        | 3 |  3.3
Spellcasting   | |  2.0
Translocations | |  3.0

Action                   |  1- 3 |  4- 6 || total
-------------------------+-------+-------++-------
Melee: Falchion          |   103 |   124 ||   227
       Tailslap          |    17 |    16 ||    33
Throw: Boomerang         |       |     1 ||     1
  Use: Scroll            |     2 |     3 ||     5
       Potion            |       |     2 ||     2
 Stab: Sleeping          |     2 |       ||     2
Armor: Skin              |    32 |    62 ||    94
Dodge: Dodged            |    76 |   125 ||   201
       Rpst.: Falchion   |    24 |    42 ||    66

Table legend: (Time is in decaauts)
 A = Elapsed time spent in this place.
 B = Non-inter-level travel time spent in this place.
 C = Inter-level travel time spent in this place.
 D = Time resting spent in this place.
 E = Time spent auto-exploring this place.
 F = Levels seen in this place.
 G = Mean time per level.
                   A        B        C        D        E       F      G
               +--------+--------+--------+--------+--------+-----+--------+
         Total |   2933 |   2898 |     35 |    830 |   1438 |   5 |  586.6 |
       Dungeon |   2933 |   2898 |     35 |    830 |   1438 |   5 |  586.6 |
               +--------+--------+--------+--------+--------+-----+--------+

Top non-repeatable levels by time:
     D:2: 1629 daAuts
     D:1: 900 daAuts
     D:4: 329 daAuts
     D:5: 44 daAuts
     D:3: 29 daAuts
